 Dungeon Crawl Stone Soup version 0.26.1-11-gd32895ea62 (webtiles) character file.

Game seed: 10717638365157828162

1029 jlumianski the Summoner (level 8, -3/31 HPs)
             Began as a Felid Summoner on May 14, 2021.
             Was a Believer of Dithmenos.
             Killed from afar by a wizard (34 damage)
             ... with a bolt of lightning
             ... on level 7 of the Dungeon on May 15, 2021.
             The game lasted 01:25:21 (14206 turns).

jlumianski the Summoner (Felid Summoner)           Turns: 14206, Time: 01:25:22

Health: -3/31      AC:  2    Str:  4    XL:     8   Next: 3%
Magic:  19/19      EV: 21    Int: 19    God:    Dithmenos [**....]
Gold:   489        SH:  0    Dex: 17    Spells: 11/20 levels left
                                        Lives:  0   Deaths: 2

rFire    . . .     SeeInvis +     - Unarmed
rCold    . . .     Faith    .   (shield unavailable)
rNeg     . . .     Spirit   .   (armour unavailable)
rPois    .         Reflect  .   (helmet unavailable)
rElec    .         Harm     .   (cloak unavailable)
rCorr    .         Rampage  .   (gloves unavailable)
Will     +....                  (boots unavailable)
Stlth    +++++++...             (no amulet)
HPRegen  0.10/turn              g - ring of stealth
MPRegen  0.16/turn              k - ring of stealth

@: wreathed by umbra, quick
A: very small, no armour, no weapons or thrown items, stealth, claws 1, fangs 3,
see invisible, speed 1, shaggy fur 2, sharp paws
a: Renounce Religion, Shadow Step


You were on level 7 of the Dungeon.
You worshipped Dithmenos.
Dithmenos was pleased with you.
You visited 2 branches of the dungeon, and saw 8 of its levels.
You also visited: Sewer.

You collected 489 gold pieces.

Inventory:

Jewellery
 c - an uncursed amulet of inaccuracy
 g - a ring of stealth (left paw)
 k - a ring of stealth (right paw)
Wands
 i - a wand of polymorph (4)
 o - a wand of enslavement (10)
 z - a wand of iceblast (9)
Scrolls
 h - 6 scrolls of remove curse
 j - 8 scrolls of identify
 r - a scroll of fog
 t - 2 scrolls of teleportation
 u - a scroll of immolation
 v - 2 scrolls of magic mapping {unknown}
 x - a scroll of fear
 y - a scroll of blinking {unknown}
 B - a scroll of torment {unknown}
Potions
 a - a potion of cancellation
 b - a potion of brilliance
 d - a potion of curing
 e - 2 potions of magic
 f - a potion of mutation {unknown}
 l - 3 potions of attraction
 m - 2 potions of haste
 n - a potion of lignification {unknown}
 p - a potion of might {unknown}
 q - a potion of resistance {unknown}
 s - 4 potions of flight
 w - 2 potions of heal wounds
 A - a potion of berserk rage {unknown}


   Skills:
 + Level 0.6 Fighting
 + Level 5.4 Dodging
 + Level 5.2 Stealth
 + Level 2.3 Unarmed Combat
 + Level 6.9 Spellcasting
 + Level 0.3 Hexes
 + Level 8.6 Summonings


You had 11 spell levels left.
You knew the following spells:

 Your Spells              Type           Power        Failure   Level
a - Summon Small Mammal   Summ           100%         1%          1
b - Call Imp              Summ           39%          1%          2
c - Call Canine Familiar  Summ           39%          1%          3
d - Summon Guardian Gole  Hex/Summ       23%          4%          3

Your spell library contained the following spells:

 Spells                   Type           Power        Failure   Level
 Beastly Appendage        Tmut           12%          11%         1
 Wereblood                Tmut           6%           16%         2
 Summon Ice Beast         Ice/Summ       22%          17%         4
 Summon Lightning Spire   Summ/Air       22%          17%         4
 Spider Form              Tmut/Pois      3%           30%         3
 Ice Form                 Ice/Tmut       6%           71%         4
 Blade Hands              Tmut           3%           96%         5


Dungeon Overview and Level Annotations

Branches:
Dungeon (7/15)             Temple (1/1) D:4           Sewer (visited)

Altars:
Ashenzari
Cheibriados
Dithmenos
Fedhas
Gozag
Kikubaaqudgha
Makhleb
Nemelex Xobeh
Okawaru
Ru
Sif Muna
Uskayaw
Vehumet
Xom
Yredelemnul
Zin


Innate Abilities, Weirdness & Mutations

You cannot wear armour.
You are incapable of wielding weapons or throwing items.
Your paws allow you to move quietly. (Stealth)
You have sharp claws.
You have razor-sharp teeth.
You have supernaturally acute eyesight. (SInv)
You cover ground quickly.
You are covered in thick fur. (AC +2)
Your sharp claws are effective at attacking unaware monsters.


Message History

Ouch! That really hurt!
You die...
Your white imp closely misses the wizard.
Your crimson imp blinks!
You are now level 8!
You rejoin the land of the living...
You see here a plate armour.
Something hits your white imp but does no damage.
The wizard misses your white imp.
The wizard hits your white imp with a +0 dagger.
Your white imp dies!
There is a transporter here.
You enter the transporter and appear at another place.
The wizard shouts, "You are history!"
The wizard gestures at you while chanting.
The stone arrow misses you.
The wizard points at you and mumbles some strange words.
The bolt of lightning hits you!!
Ouch! That really hurt!
You die...

###.### #.# ......# #.#
......# #.# ......#
#########.#### ......#
##.....##.....##
......###..............##
............#########...#
..#####....##...©...##..#
#.....#....#8..#@#..8#..##
#####......#..#...#?$#...#
### ####...#.......$.#...#
.5## #..©#.p©....$_#©..#
#..######..#.......).#÷.##
##.....###.#..#...#$$#.##
#####.###.#8..#.#$.8#.#
#..##.##?......##.#
##.##..#########.)#


You could see a wizard (invisible).

Vanquished Creatures
  A sky beast (D:6)
  A big kobold (D:6)
  A bullfrog (D:7)
  A hound (D:7)
  2 worker ants
  A merfolk avatar (Sewer)
  2 hound skeletons
  A gnoll (D:3)
  A leopard gecko (D:4)
  An orc (D:4)
  2 ball pythons
  A giant cockroach (Sewer)
  A hobgoblin (D:2)
  A jackal (D:3)
  2 bats (D:3)
  3 frilled lizards
  A jackal zombie (D:6)
  2 kobolds (D:6)
  2 orc skeletons (D:4)
  An orc zombie (D:4)
  6 rats
34 creatures vanquished.

Vanquished Creatures (collateral kills)
  Pikel (D:5)
  A water moccasin (D:6)
  2 sky beasts
  2 ice beasts
  2 phantoms
  4 ogres
  3 lemures (D:5)
  3 bullfrogs
  3 elf skeletons (D:4)
  4 scorpions
  2 wights
  2 howler monkeys
  2 bullfrog zombies
  2 jellies
  A bullfrog skeleton (D:5)
  2 hounds
  A centaur skeleton (D:7)
  2 iguanas
  6 orc wizards
  A merfolk siren (Sewer)
  5 worker ants
  3 gnolls (D:4)
  5 river rats
  14 adders
  A shadow imp (D:6)
  2 white imps
  An ooze (D:1)
  An adder skeleton (D:5)
  5 worms
  2 dart slugs
  4 leopard geckos
  11 orcs
  5 bats
  6 giant cockroaches
  5 goblins
  7 hobgoblins
  13 jackals
  2 quokkas
  6 ball pythons
  13 frilled lizards
  10 kobolds
  16 rats
183 creatures vanquished.

Vanquished Creatures (others)
  An orc warrior (D:6)
  A wight (D:6)
  3 plants (D:1)
5 creatures vanquished.

Grand Total: 222 creatures vanquished

Notes
Turn   | Place    | Note
-------+----------+-------------------------------------------
     0 | D:1      | jlumianski the Felid Summoner began the quest for the Orb.
     0 | D:1      | Reached XP level 1. HP: 7/7 MP: 4/4
   602 | D:1      | Reached XP level 2. HP: 11/11 MP: 0/6
   605 | D:1      | Learned a level 2 spell: Call Imp
  2185 | D:1      | Reached XP level 3. HP: 9/14 MP: 4/7
  3745 | D:3      | Reached XP level 4. HP: 18/18 MP: 9/9
  3807 | D:3      | Learned a level 3 spell: Call Canine Familiar
  3908 | D:3      | Reached skill level 5 in Summonings
  4151 | D:3      | Slain by an orc wizard
  4152 | D:3      | Reached XP level 3. HP: 0/14 MP: 0/8
  4286 | D:3      | Reached XP level 4. HP: 18/18 MP: 4/9
  4578 | D:3      | Found a blossoming altar of Fedhas.
  5035 | D:4      | Found a staircase to the Ecumenical Temple.
  5157 | D:3      | Reached XP level 5. HP: 17/21 MP: 1/11
  5213 | D:4      | Found a glowing drain.
  5514 | Sewer    | Entered a sewer
  6695 | Sewer    | Gained mutation: You are covered in thick fur. (AC +2)
                  | [Felid growth]
  6695 | Sewer    | Reached XP level 6. HP: 21/24 MP: 6/12
  7204 | D:3      | Reached skill level 6 in Summonings
  7498 | Temple   | Entered the Ecumenical Temple
  7576 | Temple   | Became a worshipper of Dithmenos the Shadowed
  8522 | D:5      | Entered Level 5 of the Dungeon
  8565 | D:5      | Noticed a sky beast
  8682 | D:5      | Killed a sky beast
  8837 | D:5      | Reached XP level 7. HP: 18/27 MP: 11/14
  9377 | D:5      | Learned a level 3 spell: Summon Guardian Golem
  9802 | D:5      | Noticed Pikel
  9897 | D:5      | Killed Pikel
  9898 | D:5      | Reached skill level 5 in Spellcasting
  9898 | D:5      | Reached skill level 7 in Summonings
 10223 | D:6      | Reached * piety under Dithmenos
 10390 | D:6      | Reached skill level 1 in Unarmed Combat
 10390 | D:6      | Reached XP level 8. HP: 15/31 MP: 10/17
 12678 | D:6      | Reached skill level 8 in Summonings
 13339 | D:7      | Reached skill level 5 in Stealth
 13392 | D:7      | Reached ** piety under Dithmenos
 13493 | D:7      | Reached skill level 5 in Dodging
 13495 | D:7      | Found a transporter.
 13502 | D:7      | Found a transporter.
 13507 | D:7      | Noticed a wizard
 13509 | D:7      | Found a shimmering blue altar of Sif Muna.
 13953 | D:7      | Reached XP level 9. HP: 28/34 MP: 12/20
 14136 | D:7      | Killed from afar by a wizard
 14137 | D:7      | Reached XP level 8. HP: -6/31 MP: 15/19
 14206 | D:7      | Killed from afar by a wizard

Illustrated notes

Levels and vault maps discovered:
D:1:      amcnicky_arrival_double_pillar, layout_basic, serial_forest,
          infiniplex_forest_clump_medium, infiniplex_forest_lined_2,
          infiniplex_forest_end_2, infiniplex_forest_diagonal,
          infiniplex_forest_lined_3, infiniplex_forest_clump_medium,
          infiniplex_forest_lined_1, minmay_tromino_mix6
D:2:      layout_rooms
D:3:      layout_loops_corners, lemuel_doored_altar
D:4:      layout_basic, minmay_temple_entry_slanted,
          nicolae_ossuary_entry_catacombs, cheibrodos_sewer_entry_sluice,
          minmay_statues_item, minmay_misc_feat_iff,
          amcnicky_mini_corridor_feature
D:5:      layout_loops_ring, uniq_pikel
D:6:      layout_basic
D:7:      layout_rooms, gammafunk_temple_overflow_arena, serial_curves,
          eino_curves_02, eino_curves_04
Temple:   jpeg_temple_clearing

Skill      XL: |  1  2  3  4  5  6  7  8 |
---------------+-------------------------+-----
Stealth        | 3 4 5 |  5.2
Spellcasting   | 3 4 5 6 |  6.9
Summonings     | 5 6 7 8 |  8.6
Dodging        | 3 5 |  5.4
Unarmed Combat | 1 2 |  2.3
Fighting       | |  0.6
Hexes          | |  0.3

Action                   |  1- 3 |  4- 6 |  7- 9 || total
-------------------------+-------+-------+-------++-------
Melee: Unarmed           |    87 |    68 |    95 ||   250
       Bite              |    10 |     4 |     8 ||    22
 Cast: Summon Small Mamm |    98 |    66 |    24 ||   188
       Call Imp          |    34 |    65 |    88 ||   187
       Call Canine Famil |     1 |    24 |    38 ||    63
       Summon Guardian G |       |       |     5 ||     5
Evoke: Wand              |       |     1 |       ||     1
  Use: Scroll            |     3 |     4 |     2 ||     9
       Potion            |       |     5 |     3 ||     8
 Stab: Sleeping          |     3 |    25 |     7 ||    35
       Distracted        |       |     4 |     1 ||     5
Armor: Skin              |     2 |     6 |     8 ||    16
Dodge: Dodged            |    45 |   128 |   133 ||   306
